 Dungeon Crawl Stone Soup version 0.29-a0-338-g1ff7896281 (webtiles) character file.

Game seed: 11626572101495708377

4 zeratav the Sneak (level 1, -1/9 HPs)
             Began as a Vine Stalker Enchanter on Apr 18, 2022.
             Slain by a kobold
             ... wielding a +0 whip
              (3 damage)
             ... on level 1 of the Dungeon.
             The game lasted 00:00:47 (276 turns).

zeratav the Sneak (Vine Stalker Enchanter)           Turns: 276, Time: 00:00:47

Health: -1/9       AC:  2    Str: 10    XL:     1   Next: 70%
Magic:  0/4        EV: 12    Int: 15    God:
Gold:   13         SH:  0    Dex: 14    Spells: 4/4 levels left

rFire   . . .      SeeInvis .   a - +1 dagger {short}
rCold   . . .      Faith    .   (no shield)
rNeg    . . .      Spirit   +   b - +0 robe
rPois   .          Reflect  .   (no helmet)
rElec   .          Harm     .   (no cloak)
rCorr   .          Rampage  .   (no gloves)
Will    .....                   (no boots)
Stlth   ++........              (no amulet)
HPRegen 0.03/turn               (no ring)
MPRegen 0.09/turn               (no ring)

@: no status effects
A: fangs 2, magic shield, antimagic bite, no potion heal 2
a: no special abilities


You were on level 1 of the Dungeon.
You visited 1 branch of the dungeon, and saw 1 of its levels.

You collected 13 gold pieces.


Innate Abilities, Weirdness & Mutations

You have extremely sharp teeth.
When hurt, damage is shared between your health and your magic reserves.
Your bite disrupts and absorbs the magic of your enemies.
Potions cannot restore your health.


   Skills:
 + Level 0.2 Fighting
 * Level 1.1 Short Blades
 - Level 1.5 Dodging
 + Level 3.7 Stealth
 - Level 2.1 Spellcasting
 + Level 3.0 Hexes


You had 4 spell levels left.
You didn't know any spells.
Your spell library contained the following spells:

 Spells                   Type           Power      Damage    Failure   Level
 Ensorcelled Hibernation  Hex/Ice        12%        N/A       19%         2
 Confusing Touch          Hex            10%        N/A       19%         3
 Tukima's Dance           Hex            10%        N/A       19%         3
 Dazzling Flash           Conj/Hex       12%        N/A       34%         3
 Blade Hands              Tmut           0%         N/A       99%         5
 Irradiate                Conj/Tmut      0%         3d13      99%         5
 Dragon Form              Tmut           0%         N/A       100%        7

Inventory:

Hand Weapons
 a - a +1 dagger (weapon) {short}
Armour
 b - a +0 robe (worn)
Scrolls
 e - a scroll of fear {unknown}
 f - a scroll of noise {unknown}
Potions
 c - 2 potions of invisibility
 d - a potion of attraction {unknown}

Dungeon Overview and Level Annotations

Branches:
Dungeon (1/15)

Altars:

#.# .$.# #..# #.# ...
.)####..##### #.# ##..
#....>......# #.#
##.⌠.)#.#.##..###.#####.#
#..$SS.S.#..............#
..⌠$)..#K#....###.#######
.#$.⌠[##g#....###.##
##..##.gKb....#...#####
##.....#@............#
...##.##.....#...###.# #.
#. ##...###.## #.# .. #.
#..## #.# #.# # #.
#.#####.# #.# #.
:.#......# #.#
###.####### #.# ##### #.#
#.# ....# #.# #.#


You could see 2 hobgoblins, a bat, a ball python and 2 kobolds.


Message History

You see here 10 stones {throwing}.
Found a stone staircase leading down.
An endoplasm comes into view.
An endoplasm is nearby!
The endoplasm quivers.
You barely miss the endoplasm. Your bite misses the endoplasm.
The endoplasm hits you.
MP[-1]
You lost 1 mp, and now have 3/4 mp.
You hit the endoplasm. You bite the endoplasm. You drain its power.
You feel invigorated. The endoplasm freezes you.
You are frozen.
HP[-1]
You take 1 damage, and now have 8/9 hp.
You hit the endoplasm.
You kill the endoplasm!
No target in view!
No target in view!
No target in view!
No target in view!
No target in view!
No target in view!
No target in view!
No target in view!
No target in view!
No target in view!
No target in view!
No target in view!
No target in view!
An endoplasm comes into view.
HP[+1] MP[+1]
Your hp is fully restored (9).
Your mp is fully restored (4).
An endoplasm is nearby!
You hit the endoplasm. You bite the endoplasm.
You kill the endoplasm!
No target in view!
No target in view!
No target in view!
No target in view!
No target in view!
No target in view!
No target in view!
No target in view!
No target in view!
No target in view!
No target in view!
No target in view!
f - a scroll labelled NUUXTE CIHOAXA A hobgoblin comes into view.
A hobgoblin is nearby!
A ball python and 2 kobolds come into view.
A kobold is wielding a +1 whip of electrocution.
The kobold shouts!
You hear a shout!
A bat comes into view.
A ball python comes into view.
The kobold moves out of view.
The hobgoblin shouts!
The ball python hisses angrily.
A hobgoblin and a bat come into view.
The kobold shouts!
A giant cockroach comes into view.
The hobgoblin hits you.
HP[-3]
You take 3 damage, and now have 6/9 hp.
MASSIVE DAMAGE!! (PAUSE)
You are too injured to fight recklessly!
You are too injured to fight recklessly!
You are too injured to fight recklessly!
You are too injured to fight recklessly!
You are too injured to fight recklessly!
You are too injured to fight recklessly!
You are too injured to fight recklessly!
You are too injured to fight recklessly!
You are too injured to fight recklessly!
You are too injured to fight recklessly!
You are too injured to fight recklessly!
You are too injured to fight recklessly!
You are too injured to fight recklessly!
The bat barely misses you. x2
You hit the bat. The bat hits you but does no damage. The hobgoblin hits you.
* * * LOW HITPOINT WARNING * * *
The bat hits you.
* * * LOW HITPOINT WARNING * * *
HP[-4] MP[-2]
You take 4 damage, and now have 2/9 hp.
MASSIVE DAMAGE!! (PAUSE)
You lost 2 mp, and now have 2/4 mp.
The bat closely misses you. x3
The bat hits you but does no damage. The bat closely misses you.
The bat barely misses you. The bat closely misses you.
The bat barely misses you. The bat completely misses you.
You hit the bat but do no damage. Your bite misses the bat.
The bat hits you but does no damage. The bat misses you.
You closely miss the kobold. Your bite misses the kobold.
The bat hits you but does no damage. The kobold closely misses you.
You hit the kobold but do no damage. The bat barely misses you.
The kobold hits you but does no damage.
You closely miss the kobold. The bat hits you but does no damage.
The kobold hits you with a +0 whip.
You die...

Skill      XL: |  1 |
---------------+----+-----
Short Blades   | 1 |  1.1
Fighting       | |  0.2
Dodging        | |  1.5
Stealth        | |  3.7
Spellcasting   | |  2.1
Hexes          | |  3.0

Action                   || total
-------------------------++-------
Melee: Dagger            ||    14
       Bite              ||     2
 Stab: Sleeping          ||     1
Armor: Robe              ||     6
Dodge: Dodged            ||    16

Levels and vault maps discovered:
D:1:      lemuel_arrival_rhombus, layout_loops_ring,
          nicolae_ecumenical_lake_church, hangedman_decor_clover_reticule,
          minmay_pentomino_w4

Notes
Turn   | Place    | Note
-------+----------+-------------------------------------------
     0 | D:1      | zeratav the Vine Stalker Enchanter began the quest for the
                  | Orb.
     0 | D:1      | Reached XP level 1. HP: 9/9 MP: 4/4
     0 | D:1      | magus.rc [v1.9.6]
    22 | D:1      | Reached skill level 1 in Short Blades
    80 | D:1      | Found a faded altar of an unknown god.
   137 | D:1      | You pick up a book of Transfigurations {@e2} and begin
                  | reading...
   137 | D:1      | You add the spells Irradiate, Blade Hands and Dragon Form
                  | to your library.
   268 | D:1      | HP: 2/9 [bat (1)]
   276 | D:1      | Slain by a kobold

Vanquished Creatures
  2 endoplasms (D:1)
  A hobgoblin (D:1)
  A bat (D:1)
4 creatures vanquished.

Table legend:
 A = Non-vault XP
 B = Vault XP
 C = Vault XP percentage of total XP
 D = Non-vault monster count
 E = Vault monster count
 F = Vault count percentage of total count
                 A         B        C        D         E       F
            +---------+---------+-------+---------+---------+-------
      Total |       7 |       0 |   0.0 |       4 |       0 |   0.0
            +---------+---------+-------+---------+---------+-------
        D:1 |       7 |       0 |   0.0 |       4 |       0 |   0.0
            +---------+---------+-------+---------+---------+-------

Illustrated notes

Table legend:
 A = Kills in this place as a percentage of kills in entire the game.
 B = Kills by you in this place as a percentage of kills by you in the entire game.
 C = Kills by friends in this place as a percentage of kills by friends in the entire game.
 D = Other kills in this place as a percentage of other kills in the entire game.
 E = Experience gained in this place as a percentage of experience gained in the entire game.
 F = Experience gained in this place divided by the number of levels of this place that you have seen.
                   A       B       C       D       E      F
               +-------+-------+-------+-------+-------+----------------------
         Total | 100.0 | 100.0 |   N/A |   N/A | 100.0 |   7.0
       Dungeon | 100.0 | 100.0 |   N/A |   N/A | 100.0 |   7.0
               +-------+-------+-------+-------+-------+----------------------

Table legend: (Time is in decaauts)
 A = Elapsed time spent in this place.
 B = Non-inter-level travel time spent in this place.
 C = Inter-level travel time spent in this place.
 D = Time resting spent in this place.
 E = Time spent auto-exploring this place.
 F = Levels seen in this place.
 G = Mean time per level.
                   A        B        C        D        E       F      G
               +--------+--------+--------+--------+--------+-----+--------+
         Total |    275 |    275 |      0 |      0 |    221 |   1 |  275.0 |
       Dungeon |    275 |    275 |      0 |      0 |    221 |   1 |  275.0 |
               +--------+--------+--------+--------+--------+-----+--------+

Top non-repeatable levels by time:
     D:1: 275 daAuts
